 Dungeon Crawl Stone Soup version 0.24.0-37-gcf1ca852f1 (webtiles) character file.

Game seed: 13996018042053095695, levelgen mode: deterministic

64591 Ivernyr the Thaumaturge (level 14, 0/126 HPs)
             Began as a Purple Draconian Wizard on Nov 22, 2019.
             Was a Priest of Sif Muna.
             Slain by a cyclops (19 damage)
             ... on level 14 of the Dungeon on Nov 25, 2019.
             The game lasted 03:35:45 (35860 turns).

Ivernyr the Thaumaturge (Purple Draconian Wizard)  Turns: 35860, Time: 03:35:47

Health: 0/126      AC: 19    Str:  9    XL:     14   Next: 72%
Magic:  21/31      EV: 14    Int: 24    God:    Sif Muna [***...]
Gold:   371        SH:  0    Dex: 16    Spells: 19/40 levels left

rFire    . . .     SeeInvis +   N - +6 quarterstaff of the Vestibule of Hell {drain, *Rage rPois Dex+3}
rCold    + + .     Gourm    .   (shield currently unavailable)
rNeg     . . .     Faith    +   (armour unavailable)
rPois    +         Spirit   .   a - +1 hat
rElec    .         Reflect  .   n - +0 cloak
rCorr    .         Harm     .   i - +2 pair of gloves
MR       ++...     Rnd*Rage +   b - +2 pair of boots
Stlth    ++........             Y - amulet "Poimuy" {Faith rPois rC++ Dex+3}
HPRegen  0.31/turn              l - +3 ring of protection
MPRegen  0.22/turn              r - ring of see invisible

@: no status effects
A: breathe power, unfitting armour, cold-blooded, AC +8
a: Breathe Dispelling Energy, Channel Magic, Forget Spell, Renounce Religion


You were on level 14 of the Dungeon.
You worshipped Sif Muna.
Sif Muna was most pleased with you.
You were full.

You visited 3 branches of the dungeon, and saw 21 of its levels.
You visited 1 bazaar.
You also visited: Sewer and Ossuary.

You collected 1280 gold pieces.
You spent 909 gold pieces at shops.

Inventory:

Hand Weapons
 N - the +6 quarterstaff of the Vestibule of Hell (weapon) {drain, *Rage rPois Dex+3}
   (You found it on level 9 of the Dungeon)

   A truly terrible weapon, it drains the life of those it strikes.
   It affects your dexterity (+3).
   It protects you from poison.
   It may make you go berserk in combat.
Armour
 a - a +1 hat (worn)
 b - a +2 pair of boots (worn)
 i - a +2 pair of gloves (worn)
 n - a +0 cloak (worn)
 Q - the +1 shield "Jeorisal" {rPois rN+}
   (You found it on level 2 of the Lair of Beasts)

   It protects you from poison.
   It protects you from negative energy.
Magical Staves
 S - an uncursed staff of fire
Jewellery
 l - a +3 ring of protection (left hand)
 r - a ring of see invisible (right hand)
 y - a +4 ring of intelligence
 I - an uncursed ring of protection from cold
 T - an uncursed ring of magical power
 Y - the amulet "Poimuy" (around neck) {Faith rPois rC++ Dex+3}
   (You bought it in a shop in a bazaar)

   [amulet of faith]

   It allows you to gain divine favour quickly.
   It affects your dexterity (+3).
   It greatly protects you from cold.
   It protects you from poison.
Wands
 h - a wand of random effects (14)
 v - a wand of acid (22)
 x - a wand of disintegration (38)
 z - a wand of iceblast (10)
 K - a wand of enslavement (23)
 L - a wand of flame (31)
 W - a wand of digging (5)
 X - a wand of paralysis (15)
Scrolls
 d - 6 scrolls of fog
 m - 3 scrolls of remove curse
 A - 2 scrolls of teleportation
 E - 2 scrolls of immolation {unknown}
 F - 3 scrolls of blinking {unknown}
 G - a scroll of summoning {unknown}
 H - 2 scrolls of brand weapon {unknown}
 J - a scroll of vulnerability {unknown}
 P - 2 scrolls of amnesia {unknown}
 R - a scroll of enchant weapon
 U - a scroll of identify
 V - a scroll of acquirement {unknown}
 Z - 5 scrolls of magic mapping
Potions
 e - 6 potions of might
 f - 3 potions of brilliance {unknown}
 g - 5 potions of flight {unknown}
 j - 4 potions of lignification {unknown}
 k - a potion of berserk rage {unknown}
 o - 2 potions of cancellation {unknown}
 q - 4 potions of curing
 s - 5 potions of heal wounds {unknown}
 t - 6 potions of degeneration {unknown}
 u - 5 potions of ambrosia {unknown}
 w - 2 potions of agility {unknown}
 B - 5 potions of haste {unknown}
 C - a potion of mutation {unknown}
 D - a potion of invisibility {unknown}
Miscellaneous
 M - a crystal ball of energy
Comestibles
 c - 32 rations


   Skills:
 - Level 12.1 Fighting
 - Level 4.1 Dodging
 - Level 1.7 Stealth
 + Level 2.5 Shields
 + Level 13.5 Spellcasting
 - Level 13.2 Conjurations
 + Level 0.6 Charms
 - Level 1.0 Summonings
 - Level 1.0 Translocations
 - Level 10.9 Fire Magic
 - Level 10.3 Invocations
 + Level 4.4 Evocations


You had 19 spell levels left.
You knew the following spells:

 Your Spells              Type           Power        Failure   Level  Hunger
a - Magic Dart            Conj           ####         0%          1    None
b - Blink                 Tloc           N/A          3%          2    None
c - Conjure Flame         Conj/Fire      ######..     1%          3    None
d - Mephitic Cloud        Conj/Pois/Air  #####...     1%          3    None
e - Call Imp              Summ           ###.....     3%          2    None
f - Lightning Bolt        Conj/Air       #####.....   7%          5    ###....
g - Swiftness             Chrm/Air       ###.....     4%          2    None
h - Regeneration          Chrm/Necr      ###.......   10%         3    None

Your spell library contained the following spells:

 Spells                   Type           Power        Failure   Level  Hunger
 Flame Tongue             Conj/Fire      #####        1%          1    None
 Shock                    Conj/Air       ####         1%          1    None
 Sting                    Conj/Pois      ####         1%          1    None
 Static Discharge         Conj/Air       #####...     1%          3    None
 Infusion                 Chrm           ###.         2%          1    None
 Summon Small Mammal      Summ           ###.         2%          1    None
 Beastly Appendage        Tmut           ###...       3%          1    None
 Shroud of Golubria       Chrm/Tloc      ###...       4%          2    None
 Song of Slaying          Chrm           ###.....     4%          2    None
 Bolt of Fire             Conj/Fire      ######....   4%          6    #####..
 Poisonous Vapours        Pois/Air       ###...       5%          2    None
 Slow                     Hex            ###.....     5%          2    None
 Sticks to Snakes         Tmut           ###.....     5%          2    None
 Venom Bolt               Conj/Pois      #####.....   7%          5    ###....
 Call Canine Familiar     Summ           ###.....     8%          3    None
 Summon Guardian Golem    Hex/Summ       ###.....     9%          3    None
 Spectral Weapon          Hex/Chrm       ###.....     10%         3    None
 Spider Form              Tmut/Pois      ###.......   11%         3    None
 Summon Ice Beast         Ice/Summ       ###.....     30%         4    None
 Summon Lightning Spire   Summ/Air       ###.....     30%         4    None
 Cause Fear               Hex            ###.......   36%         4    None
 Ice Form                 Ice/Tmut       ###.....     36%         4    None
 Olgreb's Toxic Radiance  Pois           ###.....     36%         4    None
 Conjure Ball Lightning   Conj/Air       #####.....   36%         6    #####..
 Freezing Cloud           Conj/Ice/Air   #####.....   67%         6    #####..
 Blade Hands              Tmut           ###.......   71%         5    ###....
 Ignition                 Fire           ######....   95%         8    #######
 Ring of Flames           Chrm/Fire      #####.....   96%         7    ######.
 Deflect Missiles         Chrm/Air       ###.......   99%         6    #####..
 Dragon Form              Tmut           ###.......   100%        7    ######.
 Chain Lightning          Conj/Air       #####.....   100%        8    #######
 Dragon's Call            Summ           ###.......   100%        9    #######
 Shatter                  Erth           ###.......   100%        9    #######
 Tornado                  Air            ###.......   100%        9    #######


Dungeon Overview and Level Annotations

Branches:
Dungeon (14/15)            Temple (1/1) D:7            Lair (6/6) D:8
 Shoals (0/4) Lair:3       Spider (0/4) Lair:2        Slime (0/5) Lair:6
    Orc (0/2) D:10         Vaults (0/5) D:13          Sewer (visited)
Ossuary (visited)

Altars:
Ashenzari
Cheibriados
Dithmenos
Elyvilon
Fedhas
Gozag
Hepliaklqana
Kikubaaqudgha
Makhleb
Nemelex Xobeh
Okawaru
Qazlal
Ru
Sif Muna
Trog
Uskayaw
Vehumet
Wu Jian
Xom
Yredelemnul
Zin
The Shining One

Shops:
D:6 (   D:10 [

Annotations:
D:9 2 transporters, Oshumied's ghost, novice DEFE
Lair:5 2 transporters


Innate Abilities, Weirdness & Mutations

You can breathe bolts of dispelling energy.
Your rich purple scales are hard. (AC +8)
You cannot fit into any form of body armour.
You are cold-blooded and may be slowed by cold attacks.


Message History

The tengu warrior pecks you but does no damage.
The tengu warrior closely misses you. x2; The tengu warrior barely misses you.
The tengu warrior claws you but does no damage.
The cyclops hits you!!
* * * LOW HITPOINT WARNING * * *
You feel better.
The tengu warrior hits you with a +0 battleaxe.
* * * LOW HITPOINT WARNING * * *
The tengu warrior pecks you but does no damage.
The tengu warrior claws you but does no damage.
The tengu warrior hits you but does no damage.
The tengu warrior closely misses you. x2
As you read the scroll of fear, it crumbles to dust.
You assume a fearsome visage.
The tengu warrior looks frightened! x2
The cyclops looks frightened!
Your attack snaps the tengu warrior out of its fear. x2
Your attack snaps the cyclops out of its fear.
The winds around you start to calm down.
You float gracefully downwards.
The cyclops hits you!!
You die...

############
#§§§§§§....§
#∩§§§§.(.).§
#§§§§.§....§
#§@Q.§§§...§
#§CQ§§§.....
############


You could see 2 tengu warriors and a cyclops.

Vanquished Creatures
  Snorg (D:10)
  5 hydras
  A merfolk avatar (Lair:6)
  Erica (D:8)
  4 two-headed ogres
  An ogre mage (D:13)
  Urug (Lair:6)
  A skeletal warrior (D:13)
  2 unseen horrors (D:13)
  Pikel (D:5)
  A harpy (Lair:6)
  2 deep elf magi
  A wolf spider (Lair:2)
  2 manticores
  3 ugly things
  3 cyclopes
  3 oklob plants
  22 elephants
  Maurice (D:9)
  Joseph (D:10)
  4 black mambas
  A spiny frog (shapeshifter) (D:13)
  3 gargoyles
  11 komodo dragons
  8 spiny frogs
  4 yaktaurs (D:13)
  3 rime drakes
  An efreet (D:13)
  A polar bear (Lair:5)
  3 trolls
  A jumping spider (Lair:2)
  10 blink frogs (Lair:5)
  4 slime creatures
  6 dream sheep (Lair:2)
  A hornet (D:8)
  A meliai zombie (D:11)
  8 hippogriffs
  A shadow (D:12)
  6 wyverns
  33 yaks
  A redback (Lair:2)
  A yak (shapeshifter) (D:11)
  A vampire (D:14)
  A hog (shapeshifter) (D:11)
  Sigmund (D:2)
  3 hungry ghosts
  2 steam dragons
  Grum (D:9)
  2 basilisks
  Menkaure (Ossuary)
  2 soldier ants (D:12)
  19 water moccasins
  6 porcupines
  5 black bears
  6 orc warriors
  4 ice beasts
  2 sky beasts
  A necrophage (D:10)
  4 phantoms
  11 ogres
  A boggart (D:13)
  4 centaurs
  7 wolves
  11 crocodiles
  7 big kobolds
  A bullfrog (shapeshifter) (D:11)
  19 bullfrogs
  A scorpion (D:6)
  A wyvern skeleton (D:13)
  2 troll zombies (D:10)
  28 killer bees
  13 wights
  2 howler monkeys (D:12)
  8 electric eels
  2 bullfrog zombies
  8 crimson imps
  8 centaur zombies
  2 quasits
  6 jellies
  16 orc wizards
  9 hounds
  8 orc priests
  4 bullfrog skeletons
  Natasha (thrice) (D:2)
  7 centaur skeletons
  6 iguanas
  11 worker ants
  A killer bee zombie (D:8)
  7 ogre zombies
  A hound zombie (D:10)
  6 mummies (Ossuary)
  Robin (D:4)
  A worker ant zombie (D:5)
  8 gnolls
  13 adders
  3 river rats
  5 shadow imps
  12 white imps (D:12)
  2 oozes
  6 adder zombies
  An adder skeleton (D:8)
  4 worms
  A dart slug (D:2)
  A leopard gecko (D:11)
  51 orcs
  6 bats
  6 giant cockroaches
  17 hobgoblins
  12 jackals
  24 kobolds
  3 quokkas
  2 ball pythons
  A ball python skeleton (D:4)
  5 frilled lizards
  13 goblins
  10 goblin zombies
  3 hobgoblin skeletons (D:10)
  9 hobgoblin zombies
  4 kobold zombies (Ossuary)
  A leopard gecko skeleton (D:3)
  13 orc zombies (D:10)
  A quokka skeleton (D:8)
  3 quokka zombies
  16 rats
  4 rat zombies (Ossuary)
  A fungus (D:8)
  5 plants
719 creatures vanquished.

Vanquished Creatures (collateral kills)
  A killer bee (D:8)
1 creature vanquished.

Vanquished Creatures (others)
  An unseen horror (D:12)
  A sky beast (D:12)
  A howler monkey (D:12)
  An orc wizard (D:5)
  An adder zombie (D:5)
  4 orcs (D:5)
  25 fungi
  71 plants
105 creatures vanquished.

Grand Total: 825 creatures vanquished

Notes
Turn   | Place    | Note
-------+----------+-------------------------------------------
     0 | D:1      | Ivernyr the Draconian Wizard began the quest for the Orb.
     0 | D:1      | Reached XP level 1. HP: 14/14 MP: 4/4
   472 | D:1      | Reached XP level 2. HP: 20/20 MP: 0/6
   538 | D:1      | Learned a level 2 spell: Blink
  1257 | D:2      | Reached XP level 3. HP: 26/26 MP: 0/7
  1360 | D:2      | Noticed Natasha
  1366 | D:2      | Learned a level 3 spell: Mephitic Cloud
  1375 | D:2      | Killed Natasha
  1671 | D:2      | Noticed Natasha
  1682 | D:2      | Killed Natasha
  1682 | D:2      | Reached XP level 4. HP: 33/33 MP: 2/9
  1805 | D:2      | Found an opulent altar of Gozag.
  1908 | D:2      | Learned a level 3 spell: Conjure Flame
  1986 | D:2      | Found a white marble altar of Elyvilon.
  2219 | D:2      | Noticed Sigmund
  2251 | D:2      | Killed Sigmund
  2251 | D:2      | Reached XP level 5. HP: 38/38 MP: 4/11
  2794 | D:2      | Found a sparkling altar of Nemelex Xobeh.
  2927 | D:2      | Noticed Natasha
  2940 | D:2      | Killed Natasha
  2940 | D:2      | Reached XP level 6. HP: 36/45 MP: 9/12
  3341 | D:3      | Found a hazy altar of Hepliaklqana.
  3501 | D:3      | Found a glowing drain.
  3507 | Sewer    | Entered a sewer
  3897 | Sewer    | Found a glowing silver altar of Zin.
  4106 | D:3      | Reached skill level 5 in Conjurations
  4163 | D:3      | Found a radiant altar of Vehumet.
  4740 | D:4      | Your scales start taking on a rich purple colour.
  4740 | D:4      | Reached skill level 5 in Spellcasting
  4740 | D:4      | Reached XP level 7. HP: 25/50 MP: 0/15
  5516 | D:4      | Reached skill level 1 in Fighting
  5754 | D:4      | Noticed a moth of wrath
  5758 | D:4      | Found a bloodstained altar of Trog.
  5915 | D:4      | Noticed Robin
  5946 | D:4      | Killed Robin
  6089 | D:5      | Entered Level 5 of the Dungeon
  6104 | D:5      | Noticed Pikel
  6117 | D:5      | Killed Pikel
  6117 | D:5      | Reached XP level 8. HP: 47/63 MP: 17/17
  6330 | D:5      | Learned a level 2 spell: Call Imp
  6978 | D:6      | Found Xouss's Weapon Shop.
  7064 | D:6      | Found a sand-covered staircase.
  7070 | Ossuary  | Entered an ossuary
  7270 | Ossuary  | Noticed Menkaure
  7291 | Ossuary  | Killed Menkaure
  7811 | D:6      | Reached XP level 9. HP: 72/72 MP: 18/20
  8208 | D:6      | Found an ornate altar of the Wu Jian Council.
  8326 | D:6      | Reached skill level 5 in Fighting
  8414 | D:6      | Found a blossoming altar of Fedhas.
  9213 | D:7      | Found a staircase to the Ecumenical Temple.
  9222 | Temple   | Entered the Ecumenical Temple
  9229 | Temple   | Became a worshipper of Sif Muna the Loreminder
  9257 | D:7      | Got a slimy golden ring
  9335 | D:7      | Identified the ring of Quruok {rPois rN+ AC+4 Str+8 Int-3}
                  | (You found it on level 7 of the Dungeon)
  9593 | D:7      | Found an ancient bone altar of Kikubaaqudgha.
  9647 | D:7      | Found a shattered altar of Ashenzari.
  9791 | D:8      | Reached skill level 1 in Invocations
  9964 | D:8      | Reached * piety under Sif Muna
 10002 | D:7      | Reached skill level 10 in Conjurations
 10578 | D:8      | Reached XP level 10. HP: 83/83 MP: 22/22
 10900 | D:8      | Reached ** piety under Sif Muna
 11145 | D:8      | Noticed Erica
 11165 | D:8      | Killed Erica
 11325 | D:8      | Found a staircase to the Lair.
 11520 | D:8      | Found a shadowy altar of Dithmenos.
 12258 | D:9      | Noticed Maurice
 12261 | D:9      | Noticed Grum
 12304 | D:9      | Killed Grum
 12304 | D:9      | Reached *** piety under Sif Muna
 12311 | D:9      | Killed Maurice
 12434 | D:9      | Found a transporter.
 12434 | D:9      | Noticed Oshumied's ghost (novice DEFE)
 12442 | D:9      | Noticed a spiny frog
 12442 | D:9      | a shapeshifter changed into a spiny frog
 12448 | D:9      | a spiny frog changed into a basilisk
 12515 | D:9      | Found a snail-covered altar of Cheibriados.
 12882 | D:9      | Reached XP level 11. HP: 69/92 MP: 22/24
 13015 | D:9      | Found a transporter.
 13100 | D:9      | Got a shimmering quarterstaff
 13101 | D:9      | Identified the +6 quarterstaff of the Vestibule of Hell
                  | {drain, *Rage rPois Dex+3} (You found it on level 9 of the
                  | Dungeon)
 13102 | D:9      | Noticed a sea snake
 13106 | D:9      | Noticed a swamp dragon
 13106 | D:9      | a sea snake changed into a swamp dragon
 13108 | D:9      | a swamp dragon changed into a komodo dragon
 13384 | D:9      | Reached skill level 5 in Invocations
 13526 | D:10     | Entered Level 10 of the Dungeon
 13526 | D:10     | Noticed Joseph
 13541 | D:10     | Killed Joseph
 14087 | D:10     | Noticed Snorg
 14098 | D:10     | Killed Snorg
 14320 | D:10     | Reached skill level 10 in Spellcasting
 14785 | D:10     | Reached **** piety under Sif Muna
 14959 | D:10     | Found a staircase to the Orcish Mines.
 15260 | D:10     | Noticed a two-headed ogre
 15281 | D:10     | Killed a two-headed ogre
 15404 | D:10     | Found Xeysij's Armour Shoppe.
 15652 | D:10     | Noticed a two-headed ogre
 15658 | D:10     | Killed a two-headed ogre
 15858 | D:9      | Noticed a sea snake
 15930 | Lair:1   | Entered Level 1 of the Lair of Beasts
 17728 | Lair:2   | Reached XP level 12. HP: 72/104 MP: 26/26
 18434 | Lair:2   | Reached ***** piety under Sif Muna
 18557 | Lair:2   | Received a gift from Sif Muna
 18760 | Lair:2   | Noticed an eight-headed hydra
 18796 | Lair:2   | Killed an eight-headed hydra
 18796 | Lair:2   | Reached skill level 1 in Fire Magic
 19164 | Lair:2   | Found a hole to the Spider Nest.
 19558 | Lair:2   | Got a slimy shield
 19559 | Lair:2   | Identified the +1 shield "Jeorisal" {rPois rN+} (You found
                  | it on level 2 of the Lair of Beasts)
 19770 | Lair:2   | Noticed a four-headed hydra
 19779 | Lair:2   | Killed a four-headed hydra
 20825 | Lair:2   | Learned a level 5 spell: Lightning Bolt
 21178 | Lair:3   | Reached skill level 10 in Fighting
 21686 | Lair:3   | Found a staircase to the Shoals.
 22208 | Lair:4   | Noticed a four-headed hydra
 22219 | Lair:4   | Killed a four-headed hydra
 22219 | Lair:4   | Reached skill level 5 in Fire Magic
 23124 | Lair:5   | Found a transporter.
 23242 | Lair:5   | Reached XP level 13. HP: 80/114 MP: 18/28
 24271 | Lair:5   | Found a transporter.
 24823 | Lair:6   | Entered Level 6 of the Lair of Beasts
 25742 | Lair:6   | Found a staircase to the Slime Pits.
 26468 | Lair:6   | Identified Sif Muna's Disquisition on Feathers (Sif Muna
                  | gifted it to you on level 6 of the Lair of Beasts)
 26468 | Lair:6   | Received a gift from Sif Muna
 27441 | Lair:6   | Noticed Urug
 27478 | Lair:6   | Reached skill level 10 in Invocations
 27712 | Lair:6   | Killed Urug
 28705 | D:11     | Reached XP level 14. HP: 124/124 MP: 26/30
 30227 | D:11     | Reached skill level 1 in Evocations
 31106 | D:11     | Learned a level 2 spell: Swiftness
 31953 | D:12     | Received a gift from Sif Muna
 32002 | D:12     | Found a frozen archway.
 32261 | D:12     | Reached skill level 10 in Fire Magic
 32714 | D:12     | Learned a level 3 spell: Regeneration
 34288 | D:13     | Reached skill level 1 in Shields
 35112 | D:13     | Found a gate to the Vaults.
 35384 | D:14     | Found a flickering gateway to a bazaar.
 35388 | Bazaar   | Entered a bazaar
 35610 | Bazaar   | Found Fimm's Antique Weapon Shoppe.
 35622 | Bazaar   | Bought a slimy morningstar for 234 gold pieces
 35622 | Bazaar   | Identified the +10 morningstar of Oxtyx {antimagic, *Slow
                  | MR++ Str+5} (You bought it in a shop in a bazaar)
 35734 | Bazaar   | Found Atessoaxt's Armour Shoppe.
 35750 | Bazaar   | Found Byucym's Jewellery Shoppe.
 35755 | Bazaar   | Bought the amulet "Poimuy" {Faith rPois rC++ Dex+3} for 675
                  | gold pieces
 35860 | D:14     | Slain by a cyclops

Levels and vault maps discovered:
D:1:      lightli_arrival_statuegarden, layout_loops_ring
D:2:      layout_loops_ring, marbit_many_paths, nicolae_overflow_crystal_walls,
          nicolae_gozag_seed_capital, first_ration,
          chequers_serial_rivers_micro_a, bh_walls_and_bars, uniq_sigmund,
          uniq_natasha
D:3:      layout_loops_ring, nicolae_overflow_hidden_temple, vehumet_crystals,
          portal_sewer_entry_e, minivault_11, grunt_ministairs_5
D:4:      layout_rooms, tgw_trog, uniq_robin
D:5:      layout_loops_corners, uniq_pikel
D:6:      cheibrodos_barr_body, layout_rooms, overflow_temple_1_default,
          lemuel_coloured_pillars_altar, enter_ossuary_5, serial_shops,
          nicolae_shop_stone
D:7:      layout_gridville, lemuel_round_altar, kennysheep_mini,
          minmay_temple_entry_statues_fountains
D:8:      layout_loops_ring, nicolae_dithmenos_through_a_glass_darkly,
          grunt_lair_entry_orc_guard_hut, lightli_bailey_entry_fortress,
          uniq_erica
D:9:      layout_irregular_city, lemuel_doored_altar, gammafunk_ghost_arena,
          uniq_maurice, uniq_grum
D:10:     layout_basic, zombieorc2_lemuel, serial_shops, shop, uniq_snorg,
          uniq_joseph
D:11:     minmay_the_grid_net [minmay_the_grid_fan, minmay_the_grid_pillar_ring,
          minmay_the_grid_spin_star, minmay_the_grid_outer_diamond,
          minmay_the_grid_large_cup,
          minmay_the_grid_prize_four_corners_diamond_b], layout_grid_maze
D:12:     layout_roguey, portal_ice_cave_entry_imps, serial_bayou,
          serial_bayou_pond_d, serial_bayou_crossing, serial_bayou_lagoon_b,
          serial_bayou_lagoon_a, serial_bayou_ford_a, serial_bayou_pond_a
D:13:     layout_rooms, hangedman_vaults_entry_quadrant_bands
D:14:     layout_cross, serial_shops, bzr_entry_dummy,
          hangedman_little_slice_of_home, minmay_misc_feat_tower,
          statue_in_the_mist_lemuel
Temple:   eino_temple_lava
Lair:1:   layout_chaotic_city, lemuel_fruit_tree, serial_bayou_shore_a
Lair:2:   dpeg_oklob_gauntlet, layout_regular_city,
          spider_nest_entry_funnel_web, enter_volcano_4, wad_woods_river_02
Lair:3:   layout_regular_city, elwin_shoals_entry_rocks, lemuel_fruit_fields
Lair:4:   layout_gridlike
Lair:5:   gammafunk_cloud_chamber, layout_long_grid, minmay_lair_oklob_chamber
Lair:6:   gammafunk_lair_ancient_temple, layout_regular_city,
          minmay_slime_entry_pillars, chequers_serial_rivers_small_3, uniq_urug

Skill      XL: |  1  2  3  4  5  6  7  8  9 10 11 12 13 14 |
---------------+-------------------------------------------+-----
Dodging        | 2 3 4 |  4.1
Conjurations   | 2 4 5 7 8 10 11 12 13 | 13.2
Spellcasting   | 4 5 6 7 8 9 10 11 12 13 | 13.5
Fighting       | 3 4 6 7 9 10 11 12 | 12.1
Invocations    | 2 4 7 8 10 | 10.3
Fire Magic     | 5 9 10 | 10.9
Evocations     | 4 |  4.4
Shields        | 2 |  2.5
Stealth        | |  1.7
Charms         | |  0.6
Summonings     | |  1.0
Translocations | |  1.0

Action                   |  1- 3 |  4- 6 |  7- 9 | 10-12 | 13-15 || total
-------------------------+-------+-------+-------+-------+-------++-------
Melee: Unarmed           |    66 |       |       |       |       ||    66
       Tailslap          |    12 |     8 |    23 |    64 |    94 ||   201
       Dagger            |    13 |   151 |    13 |       |       ||   177
       War axe           |       |       |   304 |   107 |       ||   411
       Quarterstaff      |       |       |       |   439 |   851 ||  1290
 Cast: Magic Dart        |    55 |   131 |   267 |   579 |   402 ||  1434
       Mephitic Cloud    |     1 |     3 |    10 |    19 |    41 ||    74
       Blink             |       |     1 |     3 |    11 |    16 ||    31
       Conjure Flame     |       |       |     2 |    44 |    28 ||    74
       Call Imp          |       |       |       |     8 |     5 ||    13
       Lightning Bolt    |       |       |       |     5 |    53 ||    58
       Regeneration      |       |       |       |       |     4 ||     4
       Tornado           |       |       |       |       |     1 ||     1
       Ignition          |       |       |       |       |     1 ||     1
Invok: Divine Exegesis   |       |       |       |       |     2 ||     2
 Abil: Breathe Dispellin |       |       |     5 |     6 |     4 ||    15
  Use: Scroll            |       |       |    13 |     4 |    16 ||    33
       Potion            |       |       |       |     3 |     7 ||    10
 Stab: Confused          |     1 |     4 |     2 |     4 |    14 ||    25
       Sleeping          |       |     2 |    11 |       |     2 ||    15
  Eat: Chunk             |     1 |    12 |    16 |    39 |    51 ||   119
       Ration            |       |       |     1 |     4 |       ||     5
Armor: Skin              |    16 |    46 |   199 |   392 |   520 ||  1173
Dodge: Dodged            |    54 |    85 |   350 |   649 |   824 ||  1962
